Blues vs Capitals

Created - 3 janvier 2021 at 20:21

Goals
1 2 3 T
Blues 1 2 2 5
Capitals 1 1 0 2
Shots
1 2 3 T
Blues 12 13 10 35
Capitals 5 9 5 19

1st period

1. Blues , Colin Miller 1 (Jack Eichel 30, Mikko Rantanen 21) at 2:33
2. Capitals , Brandon Montour 4 (Michael Del Zotto 14, Casey Mittelstadt 10) at 7:40

Penalties :
Johnny Gaudreau (STL) for Hooking (Minor) at 4:37, Riley Stillman (WSH) for Holding (Minor) at 7:51, Bobby Ryan (WSH) for High sticking (Minor) at 16:03

2nd period

3. Capitals , Mikael Granlund 13 (Brandon Montour 12, Reilly Smith 13) at 4:43
4. Blues , Seth Jones 8 (Mikko Rantanen 22, Jack Eichel 31) at 12:06
5. Blues , Johnny Gaudreau 10 (P.K. Subban 13, Seth Jones 25) at 15:17

Penalties :
Ryan Pulock (STL) for Interference (Minor) at 13:49, Michael Del Zotto (WSH) for Hooking (Minor) at 14:28

3rd period

6. Blues , Josh Bailey 10 (Jack Eichel 32, Dougie Hamilton 12) at 7:32
7. Blues , Dougie Hamilton 12 (Jack Eichel 33, Ryan Pulock 11) at 12:02

Penalties :
No Penalty

Goalie Stats

Carter Hart (STL), 17 saves from 19 shots - (0,895), W, 20-10-5, 60:00 minutes
Aaron Dell (WSH), 30 saves from 35 shots - (0,857), L, 5-3-0, 60:00 minutes

Players Stats for Blues

Player Name              G  A  P  +/- PIM S  H  SB GA TA FO     MP     PP MP  PK MP  
------------------------------------------------------------------------------------
Anthony Mantha           0  0  0   0  0   2  0  0  0  0  1/1    15:21   2:56   0:00 
Christian Dvorak         0  0  0  -1  0   1  1  0  0  0  15/24  16:29   1:41   0:00 
Colin Miller             1  0  1  -1  0   1  0  1  0  0  0/0    13:49   0:46   0:00 
Dougie Hamilton          1  1  2   2  0   3  3  0  0  0  0/0    23:34   2:56   1:25 
Jack Eichel              0  4  4   4  0   6  4  0  0  0  12/22  19:22   1:41   0:00 
Johnny Gaudreau          1  0  1   0  2   5  0  0  0  0  0/0    18:15   2:08   0:00 
Jordan Staal             0  0  0   0  0   0  1  0  0  0  10/14   9:42   0:00   1:51 
Josh Bailey              1  0  1   3  0   3  0  0  0  0  3/5    18:04   1:43   0:00 
MacKenzie Weegar         0  0  0  -1  0   2  1  0  0  0  0/0    13:03   0:00   0:00 
Martin Necas             0  0  0  -1  0   1  2  0  0  0  0/0    14:48   0:00   0:00 
Michael Chaput           0  0  0   0  0   0  1  0  0  0  0/1     8:38   0:00   0:47 
Mikko Rantanen           0  2  2   3  0   3  2  0  0  0  0/0    18:02   1:41   0:00 
Miles Wood               0  0  0   0  0   0  1  0  0  0  0/0    14:16   0:00   1:51 
P.K. Subban              0  1  1   2  0   0  0  0  0  0  0/0    22:28   0:00   1:28 
Ryan Pulock              0  1  1   2  2   1  0  0  0  0  0/0    22:20   2:56   0:58 
Sean Couturier           0  0  0   0  0   3  0  0  0  0  8/12   15:21   2:56   0:00 
Seth Jones               1  1  2   2  0   3  1  0  0  0  0/0    23:50   1:41   1:25 
Trevor Lewis             0  0  0   0  0   1  0  0  0  0  0/1     8:38   0:00   0:47 

Players Stats for Capitals

Player Name              G  A  P  +/- PIM S  H  SB GA TA FO     MP     PP MP  PK MP  
------------------------------------------------------------------------------------
Bobby Ryan               0  0  0  -1  2   0  3  0  0  0  1/2    19:36   1:28   0:41 
Brandon Montour          1  1  2   0  0   1  1  3  0  0  0/0    23:28   1:37   2:55 
Brett Kulak              0  0  0  -2  0   0  5  4  0  0  0/0    15:40   0:00   0:00 
Casey Mittelstadt        0  1  1   0  0   3  1  0  0  0  4/14   12:48   0:00   0:00 
Chandler Stephenson      0  0  0   0  0   0  0  2  0  0  0/0    14:07   0:00   1:19 
David Kampf              0  0  0  -1  0   0  0  0  0  0  0/0    15:23   1:10   0:19 
Filip Zadina             0  0  0   0  0   1  0  0  0  0  0/0     7:46   0:00   0:00 
Jason Dickinson          0  0  0  -1  0   1  0  0  0  0  8/19   16:58   1:10   1:23 
Jonas Siegenthaler       0  0  0  -2  0   0  2  0  0  0  0/0    16:33   0:00   1:24 
Josh Anderson            0  0  0   0  0   2  1  0  0  0  0/0     7:46   0:00   0:00 
Kevin Labanc             0  0  0   0  0   0  2  0  0  0  0/0    12:48   0:00   0:00 
Kris Russell             0  0  0  -1  0   2  2  2  0  0  0/0    21:31   1:01   1:50 
Michael Del Zotto        0  1  1   0  2   0  5  0  0  0  0/0    22:17   1:36   2:16 
Mikael Granlund          1  0  1  -2  0   4  2  0  0  0  10/26  22:09   1:28   2:55 
Reilly Smith             0  1  1  -2  0   4  3  1  0  0  2/8    21:51   1:28   2:37 
Riley Stillman           0  0  0  -1  2   0  5  2  0  0  0/0    20:29   1:01   0:49 
Vinnie Hinostroza        0  0  0   0  0   0  1  1  0  0  4/8     7:46   0:00   0:00 
Wayne Simmonds           0  0  0  -1  0   1  2  0  0  0  2/3    15:04   1:10   0:00 

3 Stars

1 - Jack Eichel (STL)
2 - Dougie Hamilton (STL)
3 - Seth Jones (STL)

Power Play

Blues - 0 on 3 Attempt(s) - 0,00%
Capitals - 0 on 2 Attempt(s) - 0,00%

Penalty Kill

Blues - 2 on 2 Attempt(s) - 100,00% - Score 0 goal in Penalty Kill
Capitals - 3 on 3 Attempt(s) - 100,00% - Score 0 goal in Penalty Kill

Team Stat

Blues - Hits : 17 - Faceoff Wins : 49 - Blocked Shots : 1 - Penalty Minutes : 4
Capitals - Hits : 35 - Faceoff Wins : 31 - Blocked Shots : 15 - Penalty Minutes : 6

Official

Referees : Graham Skilliter and Jim Curtin
Linesman : Darren Gibbs and Derek Wahl

Game Notes

No Game Note

Finance

Level 1 -- Attendance: 2467 (37,95%) -- Ticket Income 616 750 $
Level 2 -- Attendance: 1798 (35,96%) -- Ticket Income 359 600 $
Level 3 -- Attendance: 1109 (31,69%) -- Ticket Income 194 075 $
Level 4 -- Attendance: 698 (27,85%) -- Ticket Income 104 700 $
Luxury Box -- Attendance: 514 (51,40%) -- Ticket Income 205 600 $
Game was played at the Verizon Center.
Total Attendance: 6586 (35,59%)
Total Ticket Income: 1 480 725 $
Other Income: 725 555 $
Total Income: 2 206 280 $

% Time on Ice - Blues

Lines # - Real PCT - Wanted PCT - Time Play
Normal Forward
1 - 32% - 36% - 16:21
2 - 29% - 32% - 14:48
3 - 24% - 26% - 12:25
4 - 15% - 6% - 7:51
Normal Defense
1 - 39% - 40% - 19:55
2 - 36% - 40% - 18:27
3 - 25% - 20% - 13:03
4 - 0% - 0% - 0:00
PP Forward
1 - 36% - 60% - 1:41
2 - 64% - 40% - 2:56
PP Defense
1 - 64% - 50% - 2:56
2 - 36% - 50% - 1:41
PK Forward
1 - 70% - 60% - 1:51
2 - 30% - 40% - 0:47
PK Defense
1 - 46% - 60% - 1:13
2 - 54% - 40% - 1:25
PK3 Forward
1 - 0% - 50%
2 - 0% - 50%
PK3 Defense
1 - 0% - 70%
2 - 0% - 30%
44 Forward
1 - 100% - 60% - 1:20
2 - 0% - 40% - 0:00
44 Defense
1 - 19% - 60% - 0:15
2 - 81% - 40% - 1:05
Last Minute Offensive  - 0:00
Last Minute Defensive  - 0:00
Total
Forward - 60:00
Defense - 60:00

% Time on Ice - Capitals

Lines # - Real PCT - Wanted PCT - Time Play
Normal Forward
1 - 33% - 40% - 16:57
2 - 27% - 30% - 13:54
3 - 25% - 20% - 12:48
4 - 15% - 10% - 7:46
Normal Defense
1 - 35% - 40% - 18:07
2 - 35% - 30% - 17:51
3 - 29% - 20% - 15:09
4 - 1% - 10% - 0:18
PP Forward
1 - 56% - 60% - 1:28
2 - 44% - 40% - 1:10
PP Defense
1 - 61% - 60% - 1:37
2 - 39% - 40% - 1:01
PK Forward
1 - 70% - 60% - 3:14
2 - 30% - 40% - 1:23
PK Defense
1 - 60% - 60% - 2:47
2 - 40% - 40% - 1:50
PK3 Forward
1 - 0% - 60%
2 - 0% - 40%
PK3 Defense
1 - 0% - 60%
2 - 0% - 40%
44 Forward
1 - 61% - 60% - 0:49
2 - 39% - 40% - 0:31
44 Defense
1 - 39% - 60% - 0:31
2 - 61% - 40% - 0:49
Last Minute Offensive  - 0:00
Last Minute Defensive  - 0:00
Total
Forward - 60:00
Defense - 60:00

Play-by-Play

1st period


0:01 of 1st period - Jack Eichel wins face-off versus Mikael Granlund in neutral zone.
0:11 of 1st period - Josh Bailey is hit by Bobby Ryan and loses puck.
0:36 of 1st period - Shot by Reilly Smith.
0:36 of 1st period - Stopped by Carter Hart without a rebound.
0:37 of 1st period - Wayne Simmonds wins face-off versus Christian Dvorak in Blues zone.
0:49 of 1st period - Johnny Gaudreau is hit by Riley Stillman and loses puck.
1:47 of 1st period - Icing by Kevin Labanc.
1:48 of 1st period - Sean Couturier wins face-off versus Casey Mittelstadt in Capitals zone.
1:55 of 1st period - Shot by Sean Couturier.
1:55 of 1st period - Stopped by Aaron Dell without a rebound.
1:56 of 1st period - Vinnie Hinostroza wins face-off versus Sean Couturier in Capitals zone.
2:13 of 1st period - Shot by Filip Zadina.
2:13 of 1st period - Stopped by Carter Hart without a rebound.
2:14 of 1st period - Mikael Granlund wins face-off versus Jack Eichel in Blues zone.
2:22 of 1st period - Jack Eichel is hit by Brett Kulak and loses puck.
2:27 of 1st period - Shot by Mikko Rantanen.
2:27 of 1st period - Shot Misses the Net.
2:29 of 1st period - Shot by Colin Miller.
2:29 of 1st period - Shot Blocked by Brett Kulak.
2:31 of 1st period - Shot by Jack Eichel.
2:31 of 1st period - Stopped by Aaron Dell with a rebound.
2:33 of 1st period - Shot by Colin Miller.
2:33 of 1st period - Goal by Colin Miller - Blues : 1 - Capitals : 0.
2:34 of 1st period - Jordan Staal wins face-off versus Casey Mittelstadt in neutral zone.
2:49 of 1st period - Brandon Montour is hit by Jordan Staal and loses puck.
3:34 of 1st period - Dougie Hamilton is hit by Michael Del Zotto and loses puck.
3:54 of 1st period - Anthony Mantha is hit by Riley Stillman and loses puck.
4:15 of 1st period - Shot by Mikael Granlund.
4:15 of 1st period - Shot Misses the Net.
4:21 of 1st period - Shot by Josh Bailey.
4:21 of 1st period - Deflect By Mikko Rantanen.
4:21 of 1st period - Shot Misses the Net.
4:23 of 1st period - Shot by Jack Eichel.
4:23 of 1st period - Shot Misses the Net.
4:25 of 1st period - Shot by MacKenzie Weegar.
4:25 of 1st period - Stopped by Aaron Dell with a rebound.
4:29 of 1st period - Shot by Josh Bailey.
4:29 of 1st period - Stopped by Aaron Dell without a rebound.
4:30 of 1st period - Christian Dvorak wins face-off versus Jason Dickinson in Capitals zone.
4:34 of 1st period - Icing by Brett Kulak.
4:35 of 1st period - Christian Dvorak wins face-off versus Wayne Simmonds in Capitals zone.
4:36 of 1st period - Shot by Johnny Gaudreau.
4:36 of 1st period - Stopped by Aaron Dell with a rebound.
4:37 of 1st period - Minor Penalty to Johnny Gaudreau for Hooking.
4:38 of 1st period - Jordan Staal wins face-off versus Jason Dickinson in Blues zone.
4:46 of 1st period - Off-side.
4:47 of 1st period - Jordan Staal wins face-off versus Jason Dickinson in neutral zone.
4:47 of 1st period - Jordan Staal is hit by Wayne Simmonds.
5:09 of 1st period - Shot by Kris Russell.
5:09 of 1st period - Stopped by Carter Hart without a rebound.
5:10 of 1st period - Jordan Staal wins face-off versus Mikael Granlund in Blues zone.
5:10 of 1st period - Jordan Staal is hit by Mikael Granlund.
5:45 of 1st period - Michael Del Zotto is hit by Dougie Hamilton and loses puck.
6:03 of 1st period - Off-side.
6:04 of 1st period - Jason Dickinson wins face-off versus Michael Chaput in neutral zone.
6:33 of 1st period - Shot by Wayne Simmonds.
6:33 of 1st period - Shot Misses the Net.
6:35 of 1st period - Shot by Wayne Simmonds.
6:35 of 1st period - Stopped by Carter Hart with a rebound.
6:37 of 1st period - Shot by David Kampf.
6:37 of 1st period - Shot Misses the Net.
6:47 of 1st period - Vinnie Hinostroza is hit by Jack Eichel and loses puck.
7:36 of 1st period - Shot by Casey Mittelstadt.
7:36 of 1st period - Shot Misses the Net.
7:40 of 1st period - Shot by Brandon Montour.
7:40 of 1st period - Goal by Brandon Montour - Blues : 1 - Capitals : 1.
7:41 of 1st period - Christian Dvorak wins face-off versus Mikael Granlund in neutral zone.
7:43 of 1st period - Martin Necas is hit by Riley Stillman and loses puck.
7:46 of 1st period - Shot by Martin Necas.
7:46 of 1st period - Shot Misses the Net.
7:51 of 1st period - Minor Penalty to Riley Stillman for Holding.
7:52 of 1st period - Reilly Smith wins face-off versus Sean Couturier in Capitals zone.
8:00 of 1st period - Icing by Sean Couturier.
8:01 of 1st period - Sean Couturier wins face-off versus Reilly Smith in Blues zone.
8:01 of 1st period - Sean Couturier is hit by Reilly Smith.
8:06 of 1st period - Johnny Gaudreau is hit by Michael Del Zotto and loses puck.
8:38 of 1st period - Shot by Johnny Gaudreau.
8:38 of 1st period - Shot Misses the Net.
9:18 of 1st period - Shot by Jack Eichel.
9:18 of 1st period - Shot Misses the Net.
9:20 of 1st period - Shot by Seth Jones.
9:20 of 1st period - Stopped by Aaron Dell with a rebound.
9:22 of 1st period - Shot by Seth Jones.
9:22 of 1st period - Stopped by Aaron Dell without a rebound.
9:23 of 1st period - Jack Eichel wins face-off versus Reilly Smith in Capitals zone.
9:26 of 1st period - Shot by Mikko Rantanen.
9:26 of 1st period - Shot Blocked by Reilly Smith.
9:51 of 1st period - Shot by Jack Eichel.
9:51 of 1st period - Shot Blocked by Brett Kulak.
10:31 of 1st period - Icing by Brett Kulak.
10:32 of 1st period - Jack Eichel wins face-off versus Vinnie Hinostroza in Capitals zone.
10:32 of 1st period - Jack Eichel is hit by Jonas Siegenthaler.
10:45 of 1st period - Icing by Brett Kulak.
10:46 of 1st period - Christian Dvorak wins face-off versus Vinnie Hinostroza in Capitals zone.
10:47 of 1st period - Shot by Johnny Gaudreau.
10:47 of 1st period - Stopped by Aaron Dell without a rebound.
10:48 of 1st period - Christian Dvorak wins face-off versus Mikael Granlund in Capitals zone.
10:48 of 1st period - Christian Dvorak is hit by Michael Del Zotto.
11:35 of 1st period - Christian Dvorak is hit by Bobby Ryan and loses puck.
11:47 of 1st period - Dougie Hamilton is hit by Riley Stillman and loses puck.
13:17 of 1st period - Shot by Jack Eichel.
13:17 of 1st period - Stopped by Aaron Dell without a rebound.
13:18 of 1st period - Jordan Staal wins face-off versus Casey Mittelstadt in Capitals zone.
13:18 of 1st period - Colin Miller is hit by Brett Kulak and loses puck.
14:03 of 1st period - Off-side.
14:04 of 1st period - Josh Bailey wins face-off versus Mikael Granlund in neutral zone.
14:39 of 1st period - Off-side.
14:40 of 1st period - Vinnie Hinostroza wins face-off versus Christian Dvorak in neutral zone.
14:52 of 1st period - Seth Jones is hit by Brett Kulak and loses puck.
15:22 of 1st period - Johnny Gaudreau is hit by Riley Stillman and loses puck.
16:03 of 1st period - Minor Penalty to Bobby Ryan for High sticking.
16:04 of 1st period - Reilly Smith wins face-off versus Josh Bailey in Capitals zone.
16:16 of 1st period - Icing by Ryan Pulock.
16:17 of 1st period - Sean Couturier wins face-off versus Reilly Smith in Blues zone.
16:22 of 1st period - Shot by Dougie Hamilton.
16:22 of 1st period - Stopped by Aaron Dell without a rebound.
16:23 of 1st period - Mikael Granlund wins face-off versus Jack Eichel in Capitals zone.
16:55 of 1st period - Shot by Mikko Rantanen.
16:55 of 1st period - Shot Hit the Post.
16:57 of 1st period - Shot by Seth Jones.
16:57 of 1st period - Shot Misses the Net.
18:09 of 1st period - Jordan Staal is hit by Brett Kulak and loses puck.
18:13 of 1st period - Icing by Jonas Siegenthaler.
18:14 of 1st period - Jordan Staal wins face-off versus Vinnie Hinostroza in Capitals zone.
18:14 of 1st period - MacKenzie Weegar is hit by Jonas Siegenthaler.
18:17 of 1st period - Trevor Lewis is hit by Brett Kulak and loses puck.
18:22 of 1st period - Shot by Trevor Lewis.
18:22 of 1st period - Shot Misses the Net.
18:24 of 1st period - Shot by Trevor Lewis.
18:24 of 1st period - Stopped by Aaron Dell without a rebound.
18:25 of 1st period - Jason Dickinson wins face-off versus Jack Eichel in Capitals zone.
19:39 of 1st period - Anthony Mantha is hit by Brandon Montour and loses puck.
Goals for this period are 1 for Blues vs 1 for Capitals.
Shots for this period are 12 for Blues vs 5 for Capitals.

2nd period


0:01 of 2nd period - Mikael Granlund wins face-off versus Christian Dvorak in neutral zone.
0:18 of 2nd period - Shot by Mikael Granlund.
0:18 of 2nd period - Stopped by Carter Hart without a rebound.
0:19 of 2nd period - Jack Eichel wins face-off versus Jason Dickinson in Blues zone.
0:45 of 2nd period - Shot by Jack Eichel.
0:45 of 2nd period - Stopped by Aaron Dell with a rebound.
0:47 of 2nd period - Shot by Josh Bailey.
0:47 of 2nd period - Shot Misses the Net.
1:37 of 2nd period - Shot by Johnny Gaudreau.
1:37 of 2nd period - Shot Misses the Net.
2:17 of 2nd period - Icing by Chandler Stephenson.
2:18 of 2nd period - Jordan Staal wins face-off versus Casey Mittelstadt in Capitals zone.
2:42 of 2nd period - Shot by Trevor Lewis.
2:42 of 2nd period - Shot Misses the Net.
3:26 of 2nd period - Shot by Jack Eichel.
3:26 of 2nd period - Shot Misses the Net.
3:28 of 2nd period - Shot by Josh Bailey.
3:28 of 2nd period - Shot Misses the Net.
3:46 of 2nd period - Shot by Jack Eichel.
3:46 of 2nd period - Shot Blocked by Vinnie Hinostroza.
4:22 of 2nd period - Shot by Christian Dvorak.
4:22 of 2nd period - Shot Misses the Net.
4:43 of 2nd period - Shot by Mikael Granlund.
4:43 of 2nd period - Goal by Mikael Granlund - Blues : 1 - Capitals : 2.
4:44 of 2nd period - Sean Couturier wins face-off versus Jason Dickinson in neutral zone.
5:21 of 2nd period - Jason Dickinson is hit by Miles Wood and loses puck.
6:09 of 2nd period - Icing by Brandon Montour.
6:10 of 2nd period - Mikael Granlund wins face-off versus Jack Eichel in Capitals zone.
6:12 of 2nd period - Reilly Smith is hit by Dougie Hamilton and loses puck.
6:57 of 2nd period - Shot by Casey Mittelstadt.
6:57 of 2nd period - Stopped by Carter Hart without a rebound.
6:58 of 2nd period - Jason Dickinson wins face-off versus Christian Dvorak in Blues zone.
7:11 of 2nd period - Shot by Christian Dvorak.
7:11 of 2nd period - Shot Hit the Post.
7:13 of 2nd period - Shot by Christian Dvorak.
7:13 of 2nd period - Shot Misses the Net.
7:15 of 2nd period - Shot by MacKenzie Weegar.
7:15 of 2nd period - Stopped by Aaron Dell without a rebound.
7:16 of 2nd period - Vinnie Hinostroza wins face-off versus Trevor Lewis in Capitals zone.
7:16 of 2nd period - Vinnie Hinostroza is hit by Michael Chaput.
7:24 of 2nd period - Shot by Josh Anderson.
7:24 of 2nd period - Stopped by Carter Hart without a rebound.
7:25 of 2nd period - Mikael Granlund wins face-off versus Christian Dvorak in Blues zone.
7:37 of 2nd period - Off-side.
7:38 of 2nd period - Jack Eichel wins face-off versus Jason Dickinson in neutral zone.
7:51 of 2nd period - Icing by P.K. Subban.
7:52 of 2nd period - Jack Eichel wins face-off versus Mikael Granlund in Blues zone.
7:52 of 2nd period - Jack Eichel is hit by Reilly Smith.
7:58 of 2nd period - Shot by P.K. Subban.
7:58 of 2nd period - Shot Misses the Net.
8:10 of 2nd period - Michael Del Zotto is hit by Jack Eichel.
8:13 of 2nd period - Off-side.
8:14 of 2nd period - Christian Dvorak wins face-off versus Jason Dickinson in neutral zone.
8:43 of 2nd period - Shot by David Kampf.
8:43 of 2nd period - Shot Misses the Net.
8:45 of 2nd period - Shot by Jason Dickinson.
8:45 of 2nd period - Shot Misses the Net.
8:47 of 2nd period - Shot by Jason Dickinson.
8:47 of 2nd period - Stopped by Carter Hart without a rebound.
8:48 of 2nd period - Jack Eichel wins face-off versus Mikael Granlund in Blues zone.
9:07 of 2nd period - Shot by Jack Eichel.
9:07 of 2nd period - Shot Misses the Net.
9:09 of 2nd period - Shot by Seth Jones.
9:09 of 2nd period - Shot Misses the Net.
9:19 of 2nd period - Shot by Mikko Rantanen.
9:19 of 2nd period - Stopped by Aaron Dell without a rebound.
9:20 of 2nd period - Sean Couturier wins face-off versus Casey Mittelstadt in Capitals zone.
9:56 of 2nd period - Shot by Sean Couturier.
9:56 of 2nd period - Stopped by Aaron Dell without a rebound.
9:57 of 2nd period - Jason Dickinson wins face-off versus Christian Dvorak in Capitals zone.
9:57 of 2nd period - Jason Dickinson is hit by Martin Necas.
10:00 of 2nd period - Wayne Simmonds is hit by Martin Necas and loses puck.
10:21 of 2nd period - Jason Dickinson is hit by Christian Dvorak and loses puck.
10:28 of 2nd period - Shot by Johnny Gaudreau.
10:28 of 2nd period - Stopped by Aaron Dell without a rebound.
10:29 of 2nd period - Mikael Granlund wins face-off versus Jack Eichel in Capitals zone.
10:36 of 2nd period - Shot by Reilly Smith.
10:36 of 2nd period - Shot Misses the Net.
10:38 of 2nd period - Shot by Kris Russell.
10:38 of 2nd period - Stopped by Carter Hart without a rebound.
10:39 of 2nd period - Casey Mittelstadt wins face-off versus Sean Couturier in Blues zone.
10:44 of 2nd period - Shot by Casey Mittelstadt.
10:44 of 2nd period - Stopped by Carter Hart with a rebound.
11:39 of 2nd period - Icing by Seth Jones.
11:40 of 2nd period - Mikael Granlund wins face-off versus Jack Eichel in Blues zone.
12:04 of 2nd period - Shot by Mikko Rantanen.
12:04 of 2nd period - Shot Misses the Net.
12:06 of 2nd period - Shot by Seth Jones.
12:06 of 2nd period - Goal by Seth Jones - Blues : 2 - Capitals : 2.
12:07 of 2nd period - Jason Dickinson wins face-off versus Christian Dvorak in neutral zone.
12:29 of 2nd period - David Kampf is hit by MacKenzie Weegar and loses puck.
12:40 of 2nd period - Shot by Colin Miller.
12:40 of 2nd period - Shot Blocked by Riley Stillman.
12:42 of 2nd period - Shot by Martin Necas.
12:42 of 2nd period - Stopped by Aaron Dell with a rebound.
12:44 of 2nd period - Shot by MacKenzie Weegar.
12:44 of 2nd period - Shot Misses the Net.
12:46 of 2nd period - Shot by MacKenzie Weegar.
12:46 of 2nd period - Shot Misses the Net.
13:21 of 2nd period - Shot by Reilly Smith.
13:21 of 2nd period - Stopped by Carter Hart without a rebound.
13:22 of 2nd period - Josh Bailey wins face-off versus Casey Mittelstadt in Blues zone.
13:39 of 2nd period - Shot by Mikko Rantanen.
13:39 of 2nd period - Shot Blocked by Brett Kulak.
13:47 of 2nd period - Shot by Casey Mittelstadt.
13:47 of 2nd period - Stopped by Carter Hart without a rebound.
13:48 of 2nd period - Mikael Granlund wins face-off versus Jordan Staal in Blues zone.
13:48 of 2nd period - Mikael Granlund is hit by Dougie Hamilton.
13:49 of 2nd period - Minor Penalty to Ryan Pulock for Interference.
13:50 of 2nd period - Jordan Staal wins face-off versus Mikael Granlund in Blues zone.
13:59 of 2nd period - Shot by Bobby Ryan.
13:59 of 2nd period - Shot Misses the Net.
14:28 of 2nd period - Minor Penalty to Michael Del Zotto for Hooking.
14:29 of 2nd period - Jack Eichel wins face-off versus Reilly Smith in Capitals zone.
14:43 of 2nd period - Icing by Riley Stillman.
14:44 of 2nd period - Jack Eichel wins face-off versus Reilly Smith in Capitals zone.
15:17 of 2nd period - Shot by Johnny Gaudreau.
15:17 of 2nd period - Goal by Johnny Gaudreau - Blues : 3 - Capitals : 2.
15:18 of 2nd period - Bobby Ryan wins face-off versus Jack Eichel in neutral zone.
15:31 of 2nd period - Shot by Jason Dickinson.
15:31 of 2nd period - Shot Misses the Net.
15:49 of 2nd period - Shot by Brandon Montour.
15:49 of 2nd period - Shot Misses the Net.
16:23 of 2nd period - Shot by Dougie Hamilton.
16:23 of 2nd period - Shot Blocked by Brandon Montour.
16:25 of 2nd period - Shot by Ryan Pulock.
16:25 of 2nd period - Deflect By Sean Couturier.
16:25 of 2nd period - Stopped by Aaron Dell without a rebound.
16:26 of 2nd period - Jack Eichel wins face-off versus Reilly Smith in Capitals zone.
16:34 of 2nd period - Jordan Staal is hit by Kris Russell and loses puck.
16:47 of 2nd period - Jordan Staal is hit by Vinnie Hinostroza and loses puck.
17:36 of 2nd period - Wayne Simmonds is hit by Seth Jones and loses puck.
17:56 of 2nd period - Jason Dickinson is hit by Jack Eichel and loses puck.
18:07 of 2nd period - Jason Dickinson is hit by Jack Eichel and loses puck.
18:22 of 2nd period - Shot by Mikko Rantanen.
18:22 of 2nd period - Stopped by Aaron Dell without a rebound.
18:23 of 2nd period - Christian Dvorak wins face-off versus Mikael Granlund in Capitals zone.
18:34 of 2nd period - Shot by Christian Dvorak.
18:34 of 2nd period - Shot Misses the Net.
18:36 of 2nd period - Shot by MacKenzie Weegar.
18:36 of 2nd period - Shot Misses the Net.
18:38 of 2nd period - Shot by Colin Miller.
18:38 of 2nd period - Shot Misses the Net.
18:50 of 2nd period - Shot by Johnny Gaudreau.
18:50 of 2nd period - Stopped by Aaron Dell without a rebound.
18:51 of 2nd period - Jack Eichel wins face-off versus Casey Mittelstadt in Capitals zone.
19:04 of 2nd period - Shot by Kevin Labanc.
19:04 of 2nd period - Shot Misses the Net.
19:26 of 2nd period - Casey Mittelstadt is hit by Mikko Rantanen and loses puck.
19:47 of 2nd period - Shot by Anthony Mantha.
19:47 of 2nd period - Stopped by Aaron Dell without a rebound.
19:48 of 2nd period - Christian Dvorak wins face-off versus Mikael Granlund in Capitals zone.
19:51 of 2nd period - Shot by Martin Necas.
19:51 of 2nd period - Shot Blocked by Brandon Montour.
19:59 of 2nd period - Shot by Christian Dvorak.
19:59 of 2nd period - Stopped by Aaron Dell with a rebound.
Goals for this period are 2 for Blues vs 1 for Capitals.
Shots for this period are 13 for Blues vs 9 for Capitals.

3rd period


0:01 of 3rd period - Christian Dvorak wins face-off versus Mikael Granlund in neutral zone.
0:20 of 3rd period - Shot by Mikael Granlund.
0:20 of 3rd period - Stopped by Carter Hart without a rebound.
0:21 of 3rd period - Jason Dickinson wins face-off versus Josh Bailey in Blues zone.
2:41 of 3rd period - Shot by Josh Anderson.
2:41 of 3rd period - Stopped by Carter Hart without a rebound.
2:42 of 3rd period - Jason Dickinson wins face-off versus Jordan Staal in Blues zone.
2:43 of 3rd period - Shot by David Kampf.
2:43 of 3rd period - Shot Misses the Net.
3:41 of 3rd period - Shot by Bobby Ryan.
3:41 of 3rd period - Shot Hit the Post.
3:47 of 3rd period - Kris Russell is hit by Mikko Rantanen and loses puck.
3:54 of 3rd period - Shot by Mikko Rantanen.
3:54 of 3rd period - Shot Misses the Net.
3:56 of 3rd period - Shot by Jack Eichel.
3:56 of 3rd period - Stopped by Aaron Dell without a rebound.
3:57 of 3rd period - Christian Dvorak wins face-off versus Casey Mittelstadt in Capitals zone.
4:10 of 3rd period - Shot by Martin Necas.
4:10 of 3rd period - Shot Blocked by Chandler Stephenson.
4:17 of 3rd period - Icing by Casey Mittelstadt.
4:18 of 3rd period - Anthony Mantha wins face-off versus Casey Mittelstadt in Capitals zone.
4:32 of 3rd period - Icing by Ryan Pulock.
4:33 of 3rd period - Sean Couturier wins face-off versus Mikael Granlund in Blues zone.
5:11 of 3rd period - Icing by Dougie Hamilton.
5:12 of 3rd period - Sean Couturier wins face-off versus Jason Dickinson in Blues zone.
5:48 of 3rd period - Icing by Jason Dickinson.
5:49 of 3rd period - Wayne Simmonds wins face-off versus Jack Eichel in Capitals zone.
5:59 of 3rd period - Icing by Riley Stillman.
6:00 of 3rd period - Jason Dickinson wins face-off versus Jordan Staal in Capitals zone.
6:56 of 3rd period - Dougie Hamilton is hit by Michael Del Zotto and loses puck.
7:04 of 3rd period - Off-side.
7:05 of 3rd period - Casey Mittelstadt wins face-off versus Jack Eichel in neutral zone.
7:07 of 3rd period - Off-side.
7:08 of 3rd period - Casey Mittelstadt wins face-off versus Jack Eichel in neutral zone.
7:30 of 3rd period - Shot by Jack Eichel.
7:30 of 3rd period - Shot Blocked by Brett Kulak.
7:32 of 3rd period - Shot by Josh Bailey.
7:32 of 3rd period - Goal by Josh Bailey - Blues : 4 - Capitals : 2.
7:33 of 3rd period - Vinnie Hinostroza wins face-off versus Christian Dvorak in neutral zone.
7:41 of 3rd period - Off-side.
7:42 of 3rd period - Sean Couturier wins face-off versus Mikael Granlund in neutral zone.
7:51 of 3rd period - Shot by Anthony Mantha.
7:51 of 3rd period - Stopped by Aaron Dell without a rebound.
7:52 of 3rd period - Josh Bailey wins face-off versus Jason Dickinson in Capitals zone.
8:02 of 3rd period - Mikko Rantanen is hit by Kris Russell and loses puck.
8:11 of 3rd period - Shot by Josh Bailey.
8:11 of 3rd period - Stopped by Aaron Dell without a rebound.
8:12 of 3rd period - Mikael Granlund wins face-off versus Christian Dvorak in Capitals zone.
8:19 of 3rd period - Shot by Reilly Smith.
8:19 of 3rd period - Stopped by Carter Hart without a rebound.
8:20 of 3rd period - Jack Eichel wins face-off versus Bobby Ryan in Blues zone.
8:20 of 3rd period - Jack Eichel is hit by Mikael Granlund.
8:26 of 3rd period - Shot by Jack Eichel.
8:26 of 3rd period - Shot Misses the Net.
8:33 of 3rd period - Icing by Brandon Montour.
8:34 of 3rd period - Christian Dvorak wins face-off versus Mikael Granlund in Capitals zone.
8:55 of 3rd period - Shot by Mikael Granlund.
8:55 of 3rd period - Shot Misses the Net.
9:07 of 3rd period - Shot by Mikael Granlund.
9:07 of 3rd period - Stopped by Carter Hart with a rebound.
9:41 of 3rd period - Shot by Jack Eichel.
9:41 of 3rd period - Shot Blocked by Kris Russell.
9:43 of 3rd period - Shot by Ryan Pulock.
9:43 of 3rd period - Stopped by Aaron Dell without a rebound.
9:44 of 3rd period - Casey Mittelstadt wins face-off versus Sean Couturier in Capitals zone.
9:55 of 3rd period - Miles Wood is hit by Kevin Labanc and loses puck.
10:54 of 3rd period - Shot by Jack Eichel.
10:54 of 3rd period - Stopped by Aaron Dell without a rebound.
10:55 of 3rd period - Christian Dvorak wins face-off versus Mikael Granlund in Capitals zone.
12:00 of 3rd period - Shot by Jack Eichel.
12:00 of 3rd period - Stopped by Aaron Dell with a rebound.
12:02 of 3rd period - Shot by Dougie Hamilton.
12:02 of 3rd period - Goal by Dougie Hamilton - Blues : 5 - Capitals : 2.
12:03 of 3rd period - Jordan Staal wins face-off versus Casey Mittelstadt in neutral zone.
12:03 of 3rd period - Michael Chaput is hit by Kevin Labanc.
12:46 of 3rd period - Michael Chaput is hit by Casey Mittelstadt.
13:07 of 3rd period - Icing by Colin Miller.
13:08 of 3rd period - Jordan Staal wins face-off versus Vinnie Hinostroza in Blues zone.
13:45 of 3rd period - Shot by Mikko Rantanen.
13:45 of 3rd period - Shot Blocked by Brandon Montour.
13:47 of 3rd period - Shot by Dougie Hamilton.
13:47 of 3rd period - Stopped by Aaron Dell without a rebound.
13:48 of 3rd period - Christian Dvorak wins face-off versus Mikael Granlund in Capitals zone.
13:57 of 3rd period - Martin Necas is hit by Bobby Ryan and loses puck.
14:14 of 3rd period - Shot by Seth Jones.
14:14 of 3rd period - Shot Blocked by Riley Stillman.
14:35 of 3rd period - Icing by Seth Jones.
14:36 of 3rd period - Christian Dvorak wins face-off versus Jason Dickinson in Blues zone.
14:36 of 3rd period - Christian Dvorak is hit by Wayne Simmonds.
16:05 of 3rd period - Shot by Miles Wood.
16:05 of 3rd period - Shot Blocked by Chandler Stephenson.
16:36 of 3rd period - Shot by Reilly Smith.
16:36 of 3rd period - Shot Misses the Net.
16:38 of 3rd period - Shot by Reilly Smith.
16:38 of 3rd period - Stopped by Carter Hart with a rebound.
16:42 of 3rd period - Shot by Reilly Smith.
16:42 of 3rd period - Shot Blocked by Colin Miller.
17:01 of 3rd period - Off-side.
17:02 of 3rd period - Christian Dvorak wins face-off versus Jason Dickinson in neutral zone.
18:22 of 3rd period - Ryan Pulock is hit by Josh Anderson and loses puck.
18:33 of 3rd period - Shot by Mikko Rantanen.
18:33 of 3rd period - Shot Blocked by Kris Russell.
18:45 of 3rd period - Shot by Mikko Rantanen.
18:45 of 3rd period - Stopped by Aaron Dell without a rebound.
18:46 of 3rd period - Mikael Granlund wins face-off versus Jordan Staal in Capitals zone.
18:59 of 3rd period - Michael Chaput is hit by Reilly Smith and loses puck.
19:54 of 3rd period - Shot by Kevin Labanc.
19:54 of 3rd period - Shot Misses the Net.
19:59 of 3rd period - Ryan Pulock is hit by Michael Del Zotto and loses puck.
Goals for this period are 2 for Blues vs 0 for Capitals.
Shots for this period are 10 for Blues vs 5 for Capitals.